 Dungeon Crawl Stone Soup version 0.25.1-2-g60ff931df9 (webtiles) character file.

Game seed: 2956136161098385125

1293 funkygono the Ruffian (level 8, -2/75 HPs)
             Began as a Troll Fighter on Sept 9, 2020.
             Slain by Menkaure (20 damage)
             ... in an ossuary.
             The game lasted 00:11:44 (4250 turns).

funkygono the Ruffian (Troll Fighter)               Turns: 4250, Time: 00:11:45

Health: -2/75      AC:  6    Str: 27    XL:     8   Next: 30%
Magic:  7/7        EV:  8    Int:  4    God:
Gold:   279        SH: 16    Dex:  9    Spells: 7/7 levels left

rFire    . . .     SeeInvis .     - Unarmed
rCold    . . .     Gourm    +   h - +1 tower shield
rNeg     . . .     Faith    .   a - +0 robe
rPois    .         Spirit   .   (helmet restricted)
rElec    .         Reflect  .   n - scarf {repulsion}
rCorr    .         Harm     .   (gloves unavailable)
MR       .....                  (boots unavailable)
Stlth    +.........             (no amulet)
HPRegen  0.62/turn              e - ring of flight
MPRegen  0.10/turn              (no ring)

@: marked, repel missiles
A: large, unfitting armour, claws 3, fast metabolism 3, gourmand, regeneration
1, shaggy fur 1, tough skin 3
a: Evoke Flight


You were in an ossuary.
You were very full.

You visited 1 branch of the dungeon, and saw 5 of its levels.
You also visited: Ossuary.

You collected 279 gold pieces.

Inventory:

Missiles
 f - 183 stones
 q - 2 poisoned darts
 r - 3 javelins (quivered)
Armour
 a - a +0 robe (worn)
 h - a +1 tower shield (worn)
 n - a scarf of repulsion (worn)
Jewellery
 e - a ring of flight (left claw)
Wands
 m - a wand of paralysis (9)
Scrolls
 j - 2 scrolls of remove curse
 k - 2 scrolls of identify
 t - a scroll of immolation {unknown}
Potions
 c - a potion of might
 g - 2 potions of curing
 i - 3 potions of ambrosia
 l - a potion of stabbing
 o - 5 potions of brilliance
 p - a potion of mutation
 s - a potion of flight {unknown}
 u - a potion of resistance {unknown}
 v - a potion of haste {unknown}
Comestibles
 d - 8 rations


   Skills:
 + Level 3.1 Fighting
 + Level 3.0 Throwing
 + Level 4.4 Dodging
 + Level 0.4 Stealth
 + Level 4.5 Shields
 + Level 6.4 Unarmed Combat


You had 7 spell levels left.
You didn't know any spells.
Your spell library contained the following spells:

 Spells                   Type           Power        Failure   Level  Hunger
 Beastly Appendage        Tmut           #.....       99%         1    ##.....
 Sticks to Snakes         Tmut           #.......     100%        2    ###....
 Spider Form              Tmut/Pois      #.........   100%        3    ####...
 Ice Form                 Ice/Tmut       #.......     100%        4    #####..
 Blade Hands              Tmut           #.........   100%        5    ######.


Dungeon Overview and Level Annotations

Branches:
Dungeon (5/15)            Ossuary (1/1)
 Temple: D:4-7

Altars:
Elyvilon
Gozag
Makhleb
Sif Muna

Annotations:
Ossuary Menkaure


Innate Abilities, Weirdness & Mutations

You are too large for most types of armour.
You have claws for hands.
Your metabolism is lightning-fast.
You like to eat raw meat.
Your natural rate of healing is unusually fast.
You are covered in fur. (AC +1)
You have extremely tough skin. (AC +3)


Message History

You claw the mummy!
The mummy is almost destroyed.
The mummy hits you but does no damage.
You scratch the mummy.
The mummy is almost destroyed.
Menkaure calls on the powers of darkness!
Your body is wracked with pain!
* * * LOW HITPOINT WARNING * * *
You claw the mummy!
You destroy the mummy!
A kobold zombie comes into view.
You closely miss the goblin zombie.
The goblin zombie hits you but does no damage.
You barely miss the goblin zombie. You block the goblin zombie's attack.
You claw the goblin zombie!
You destroy the goblin zombie!
Menkaure hits you!
* * * LOW HITPOINT WARNING * * *
You feel better. Menkaure hits you!!
You die...

##..##..##..####..##..#
##.^##..##^^## ##..##..
##..##..##^.## ##..##.
##..##^.##..## ##..##
##..##^^##..## ##.^#
##..##..##..## ##..
##..##..##..## ##.
##..##..##^.######### ##
##..##.^##....@MZZZ.Z. #
##..##..########################
##..##......^..................^.
#.^##############################
^..................^.............
#################################


You could see Menkaure (fast), 2 hobgoblin zombies, a kobold zombie and a goblin
skeleton.

Vanquished Creatures
  A sky beast (D:5)
  A centaur (D:5)
  A wyvern zombie (D:3)
  A scorpion (D:5)
  A howler monkey (D:4)
  A crimson imp (D:5)
  A jelly (D:5)
  Crazy Yiuf (D:3)
  5 hounds
  3 orc priests (D:4)
  5 orc wizards (D:4)
  Ijyb (D:3)
  Jessica (D:3)
  Natasha (twice) (D:4)
  An iguana (D:5)
  2 worker ants
  A hound zombie (D:5)
  2 hound skeletons
  3 mummies (Ossuary)
  8 gnolls
  6 adders
  A shadow imp (D:5)
  An adder skeleton (D:5)
  2 worms
  3 dart slugs (D:1)
  5 leopard geckos
  17 orcs
  3 ball pythons
  9 bats
  5 giant cockroaches
  5 gnoll zombies (Ossuary)
  12 goblins
  5 hobgoblins
  6 jackals
  3 quokkas
  9 frilled lizards
  A gnoll skeleton (Ossuary)
  4 goblin skeletons (Ossuary)
  6 goblin zombies (Ossuary)
  4 hobgoblin skeletons (Ossuary)
  3 hobgoblin zombies (Ossuary)
  7 kobolds
  4 kobold skeletons (Ossuary)
  4 kobold zombies (Ossuary)
  8 orc skeletons (Ossuary)
  An orc zombie (Ossuary)
  10 rats
  2 rat skeletons (Ossuary)
  3 rat zombies (Ossuary)
191 creatures vanquished.

Vanquished Creatures (others)
  A goblin skeleton (Ossuary)
1 creature vanquished.

Grand Total: 192 creatures vanquished

Notes
Turn   | Place    | Note
-------+----------+-------------------------------------------
     0 | D:1      | funkygono the Troll Fighter began the quest for the Orb.
     0 | D:1      | Reached XP level 1. HP: 22/22 MP: 0/0
   149 | D:1      | Reached XP level 2. HP: 29/29 MP: 1/1
   438 | D:1      | Reached XP level 3. HP: 36/36 MP: 2/2
   967 | D:2      | Reached skill level 3 in Unarmed Combat
  1273 | D:2      | Reached XP level 4. HP: 40/44 MP: 3/3
  1646 | D:3      | Noticed Ijyb
  1646 | D:3      | Paralysed by Ijyb for 6 turns
  1667 | D:3      | Killed Ijyb
  1667 | D:3      | Reached XP level 5. HP: 51/52 MP: 4/4
  1691 | D:3      | Found a shimmering blue altar of Sif Muna.
  1951 | D:3      | Noticed Jessica
  1953 | D:3      | Killed Jessica
  2061 | D:3      | Found a runed translucent door.
  2062 | D:3      | Noticed Crazy Yiuf
  2067 | D:3      | Killed Crazy Yiuf
  2067 | D:3      | Reached skill level 1 in Throwing
  2067 | D:3      | Reached skill level 4 in Unarmed Combat
  2067 | D:3      | Reached XP level 6. HP: 59/59 MP: 5/5
  2649 | D:4      | Noticed Natasha
  2662 | D:4      | Killed Natasha
  2666 | D:4      | Noticed Natasha
  2679 | D:4      | Killed Natasha
  2760 | D:4      | Reached XP level 7. HP: 67/67 MP: 6/6
  2799 | D:4      | Reached skill level 5 in Unarmed Combat
  3402 | D:5      | Entered Level 5 of the Dungeon
  3593 | D:5      | Reached XP level 8. HP: 70/75 MP: 7/7
  3619 | D:5      | Found a burning altar of Makhleb.
  3635 | D:5      | Found a white marble altar of Elyvilon.
  3735 | D:5      | Found an opulent altar of Gozag.
  3786 | D:5      | Reached skill level 6 in Unarmed Combat
  3968 | D:5      | Found a sand-covered staircase.
  3974 | Ossuary  | Entered an ossuary
  4232 | Ossuary  | Noticed Menkaure
  4250 | Ossuary  | Slain by Menkaure

Illustrated notes

Levels and vault maps discovered:
D:1:      minmay_arrival_widening_spiral_wide, layout_rooms, glass_columns_c,
          chequers_big_river
D:2:      layout_basic
D:3:      layout_loops_cross, lemuel_crystal_altar, first_ration,
          minmay_crystal_water, chequers_serial_rivers_micro_d, st_stairs_3,
          dk_noncrumbling_3, cheibrodos_gnoll_hut, uniq_ijyb, uniq_jessica,
          uniq_crazy_yiuf_cottage
D:4:      layout_rooms, uniq_natasha
D:5:      layout_rooms, nicolae_gozag_seed_capital,
          grunt_temple_overflow_bloody_war, makhleb_heckhound_becter,
          elyvilon_altar_5, enter_ossuary_2
Ossuary:  ossuary_due_pyramid

Skill      XL: |  1  2  3  4  5  6  7  8 |
---------------+-------------------------+-----
Unarmed Combat | 3 4 5 6 |  6.4
Shields        | 3 4 |  4.5
Dodging        | 3 4 |  4.4
Throwing       | 1 2 3 |  3.0
Fighting       | 3 |  3.1
Stealth        | |  0.4

Action                   |  1- 3 |  4- 6 |  7- 9 || total
-------------------------+-------+-------+-------++-------
Melee: Unarmed           |   120 |   147 |   248 ||   515
Throw: Stone             |    42 |    31 |    32 ||   105
       Javelin           |       |    26 |    27 ||    53
  Use: Scroll            |     2 |     5 |     1 ||     8
       Potion            |       |       |     1 ||     1
 Stab: Sleeping          |       |     1 |       ||     1
  Eat: Chunk             |    17 |    15 |    12 ||    44
Armor: Robe              |    60 |    24 |    51 ||   135
Dodge: Dodged            |    61 |    24 |    28 ||   113
Block: Kite shield       |    57 |       |       ||    57
       Tower shield      |    30 |    85 |   135 ||   250
